 Dungeon Crawl Stone Soup version 0.26.0-10-g1f06aea511 (webtiles) character file.

Game seed: 15876336572300486242

178452 Amaterasu the Warrior (level 18, -4/129 HPs)
             Began as a Gargoyle Fighter on Jan 25, 2021.
             Was the Champion of Okawaru.
             Slain by a swamp worm (7 damage)
             ... on level 2 of the Swamp.
             The game lasted 00:48:48 (21658 turns).

Amaterasu the Warrior (Gargoyle Fighter)           Turns: 21658, Time: 00:48:48

Health: -4/129     AC: 46    Str: 29    XL:     18   Next: 20%
Magic:  20/24      EV: 11    Int: 11    God:    Okawaru [******]
Gold:   2813       SH: 15    Dex: 16    Spells: 17/17 levels left

rFire    + . .     SeeInvis +   L - +4 eveningstar "Ineulud" {freeze, +Fly rF+}
rCold    + + +     Faith    .   c - +0 kite shield {rC+}
rNeg     + + +     Spirit   .   Y - +6 plate armour "Xekorameor" {rC++ Will++ SInv}
rPois    ∞         Reflect  .   N - +3 helmet of Vehumet's Benevolence {rC+ rN+}
rElec    +         Harm     .   U - scarf {repulsion}
rCorr    +         Rampage  .   K - +1 pair of gloves "Panem" {rN+ Str+3}
Will     +++..                  i - +1 pair of boots
Stlth    ..........             Z - amulet "Momukov" {rElec Will- Regen+ Dex+7}
HPRegen  0.71/turn              w - ring of willpower
MPRegen  0.19/turn              z - ring of resist corrosion

@: heroism, finesse, flying, repel missiles
A: big wings, negative energy resistance 1, electricity resistance, unbreathing,
petrification resistance, miasma immunity, AC +13
a: Stop Flying, Renounce Religion, Heroism, Finesse


You were on level 2 of the Swamp.
You worshipped Okawaru.
Okawaru was exalted by your worship.
You visited 5 branches of the dungeon, and saw 27 of its levels.
You also visited: Gauntlet, Ice Cave and Volcano.

You collected 2813 gold pieces.

Inventory:

Hand Weapons
 u - a +3 vorpal broad axe
 L - the +4 eveningstar "Ineulud" (weapon) {freeze, +Fly rF+}
   (Okawaru gifted it to you on level 1 of the Lair of Beasts)

   It has been specially enchanted to freeze those struck by it, causing extra
   injury to most foes and up to half again as much damage against particularly
   susceptible opponents.
   It can also slow down cold-blooded creatures.
   It protects you from fire.
   It lets you fly.
Missiles
 b - 12 javelins (quivered)
 X - 3 silver javelins
Armour
 c - a +0 kite shield of cold resistance (worn)
 i - a +1 pair of boots (worn)
 j - a +2 helmet of see invisible
 K - the +1 pair of gloves "Panem" (worn) {rN+ Str+3}
   (Okawaru gifted it to you on level 11 of the Dungeon)

   It affects your strength (+3).
   It protects you from negative energy.
 N - the +3 helmet of Vehumet's Benevolence (worn) {rC+ rN+}
   (You found it in a Gauntlet)

   It protects you from cold.
   It protects you from negative energy.
 U - a scarf of repulsion (worn)
 V - the +0 hat of Tempters {Rampage *Slow rF+++ Regen+}
   (You found it on level 1 of the Lair of Beasts)

   It renders you almost immune to fire.
   It increases your rate of regeneration.
   It may slow you when you take damage.
   It bestows one free step when moving towards enemies.
 Y - the +6 plate armour "Xekorameor" (worn) {rC++ Will++ SInv}
   (You found it in an ice cave)

   It greatly protects you from cold.
   It affects your willpower, your defense against some magical effects.
   It lets you see invisible.
Jewellery
 o - an uncursed ring of ice
 w - a ring of willpower (left hand)
 z - a ring of resist corrosion (right hand)
 D - an uncursed ring of magical power
 H - an uncursed ring of protection from cold
 O - an uncursed ring of positive energy
 P - an uncursed ring of wizardry
 Z - the amulet "Momukov" (around neck) {rElec Will- Regen+ Dex+7}
   (You found it on level 6 of the Lair of Beasts)

   [amulet of regeneration]

   It affects your dexterity (+7).
   It insulates you from electricity.
   It affects your willpower, your defense against some magical effects.
   It increases your rate of regeneration.
Wands
 a - a wand of iceblast (8)
 p - a wand of digging (10)
 r - a wand of disintegration (8)
 t - a wand of polymorph (13)
 E - a wand of paralysis (18)
 F - a wand of enslavement (15)
 G - a wand of acid (32)
Scrolls
 g - 2 scrolls of magic mapping
 h - 9 scrolls of amnesia
 k - 11 scrolls of teleportation
 n - 3 scrolls of random uselessness
 q - 10 scrolls of enchant armour
 x - 6 scrolls of identify
 y - 16 scrolls of remove curse
 A - 7 scrolls of enchant weapon
 B - 3 scrolls of blinking
 R - 2 scrolls of fog
 T - 5 scrolls of fear
 W - 2 scrolls of summoning
Potions
 d - 3 potions of might
 e - 10 potions of heal wounds
 f - 6 potions of attraction
 l - a potion of cancellation
 m - 2 potions of magic
 s - 5 potions of haste
 v - 6 potions of curing
 C - 4 potions of brilliance
 I - a potion of resistance
 M - 6 potions of flight
 Q - 2 potions of ambrosia
Miscellaneous
 J - a lightning rod (4/4)
 S - a tin of tremorstones (2/2)


   Skills:
 - Level 20.0(25.0) Fighting
 + Level 16.3(21.3) Maces & Flails
 + Level 10.8(15.8) Armour
 + Level 9.2(14.2) Shields
 - Level 9.0 Invocations
 - Level 9.0 Evocations


You had 17 spell levels left.
You didn't know any spells.
Your spell library contained the following spells:

 Spells                   Type           Power        Failure   Level
 Animate Skeleton         Necr           0%           91%         1
 Apportation              Tloc           0%           91%         1
 Beastly Appendage        Tmut           0%           91%         1
 Corona                   Hex            0%           91%         1
 Sting                    Tmut/Pois      0%           91%         1
 Summon Small Mammal      Summ           0%           91%         1
 Ensorcelled Hibernation  Hex/Ice        0%           97%         2
 Poisonous Vapours        Pois/Air       0%           97%         2
 Slow                     Hex            0%           97%         2
 Wereblood                Tmut           0%           97%         2
 Confusing Touch          Hex            0%           99%         3
 Dazzling Flash           Conj/Hex       0%           99%         3
 Gell's Gravitas          Tloc           0%           99%         3
 Ignite Poison            Fire/Tmut/Pois 0%           99%         3
 Inner Flame              Hex/Fire       0%           99%         3
 Mephitic Cloud           Conj/Pois/Air  0%           99%         3
 Portal Projectile        Hex/Tloc       0%           99%         3
 Spider Form              Tmut/Pois      0%           99%         3
 Tukima's Dance           Hex            0%           99%         3
 Cause Fear               Hex            0%           100%        4
 Ice Form                 Ice/Tmut       0%           100%        4
 Leda's Liquefaction      Hex/Erth       0%           100%        4
 Olgreb's Toxic Radiance  Pois           0%           100%        4
 Petrify                  Tmut/Erth      0%           100%        4
 Summon Lightning Spire   Summ/Air       0%           100%        4
 Blade Hands              Tmut           0%           100%        5
 Metabolic Englaciation   Hex/Ice        0%           100%        5
 Silence                  Hex/Air        0%           100%        5
 Yara's Violent Unravell  Hex/Tmut       0%           100%        5
 Conjure Ball Lightning   Conj/Air       0%           100%        6
 Tornado                  Air            0%           100%        9


Dungeon Overview and Level Annotations

Branches:
Dungeon (15/15)            Temple (1/1) D:6            Lair (6/6) D:11
  Swamp (3/4) Lair:2        Snake (0/4) Lair:3        Slime (0/5) Lair:5
    Orc (2/2) D:10            Elf (0/3) Orc:2        Vaults (0/5) D:13
  IceCv (visited)         Volcano (visited)         Gauntlet (visited)
 Depths: D:15

Altars:
Cheibriados
Dithmenos
Elyvilon
Fedhas
Gozag
Hepliaklqana
Kikubaaqudgha
Makhleb
Nemelex Xobeh
Okawaru
Qazlal
Ru
Sif Muna
Trog
Uskayaw
Vehumet
Wu Jian
Xom
Yredelemnul
Zin
The Shining One
Beogh
Jiyva

Shops:
D:11 [   Orc:2 (*[[

Portals:
Trove: D:11 (give 6 scrolls of fog)


Innate Abilities, Weirdness & Mutations

You are resistant to torment.
Your stone body is resilient. (AC +13)
You are immune to poison.
Your large and strong wings let you fly indefinitely.
You resist negative energy. (rN+)
You are resistant to electric shocks. (rElec)
You can survive without breathing.
You are immune to petrification.
You are immune to miasma.


Message History

There is a stone staircase leading down here.
You feel much better.
You block the eight-headed hydra's attack.
The eight-headed hydra bites you but does no damage. x4
The eight-headed hydra misses you. The eight-headed hydra bites you.
* * * LOW HITPOINT WARNING * * *
You block the eight-headed hydra's attack.
The alligator closely misses you. The alligator barely misses you.
You block the six-headed hydra's attack.
The six-headed hydra bites you!
* * * LOW HITPOINT WARNING * * *
The six-headed hydra bites you but does no damage.
You block the six-headed hydra's attack.
The six-headed hydra closely misses you.
The six-headed hydra bites you.
* * * LOW HITPOINT WARNING * * *
The will-o-the-wisp engulfs you!
* * * LOW HITPOINT WARNING * * *
The swamp worm bites you!
You die...

♣♣≈≈..<.♣≈≈≈....≈≈.♣♣♣.
♣≈§.≈§§≈♣♣......≈.♣..♣≈
♣...≈≈≈≈♣♣♣♣♣♣♣♣......♣
♣...≈≈....♣♣♣♣♣§..≈....
♣♣..≈≈≈≈≈≈≈♣♣≈.}...≈≈≈.
♣..≈≈≈≈≈≈../....≈≈≈≈≈.
♣♣≈≈...≈≈§..≈≈......≈≈.
♣♣≈♣♣♣vtw.≈.≈≈..≈≈.≈≈...
♣≈..≈.D@D§≈....♣♣.....≈♣
♣.≈≈♣.Dt≈≈≈....≈.≈.♣♣.♣♣
♣.≈.♣♣...≈§≈..≈...♣♣♣.♣♣
♣.≈♣♣♣.≈≈..♣♣≈≈≈≈.♣♣≈.≈♣
♣♣♣♣ ♣.≈≈≈♣≈≈≈≈≈≈≈♣♣.≈≈≈
♣♣≈≈≈≈≈≈≈≈♣≈≈♣♣.≈≈≈
♣♣♣≈≈≈≈≈≈≈..♣♣≈≈≈≈ ♣♣♣♣♣
♣.♣≈≈≈≈≈≈≈♣♣♣♣.≈≈ ♣≈≈.♣
♣.≈♣≈≈≈≈♣≈♣♣ ♣≈≈≈


You could see 2 alligators, an eight-headed hydra (strong), a six-headed hydra
(strong), a swamp dragon (strong), a will-o-the-wisp and a swamp worm.

Vanquished Creatures
  Nikola (Swamp:1)
  A sphinx (D:15)
  A fire giant (D:15)
  A vampire knight (D:15)
  A minotaur (Gauntlet)
  A bunyip (Swamp:1)
  A death ooze (Gauntlet)
  A fire dragon (D:13)
  Josephine (Orc:1)
  Fannar (Lair:3)
  A shambling mangrove (Swamp:2)
  8 vault guards (D:13)
  5 boulder beetles
  A ghost crab (Swamp:1)
  13 two-headed ogres
  11 hydras
  6 centaur warriors
  6 alligators
  2 ogre magi (Orc:2)
  3 catoblepae (Lair:6)
  18 death yaks
  A death scarab (Gauntlet)
  A hell hog (Volcano)
  A deep troll earth mage (D:15)
  7 spriggans
  A fire crab (Volcano)
  A spectral death yak (Gauntlet)
  3 goliath frogs
  A spriggan druid (Swamp:3)
  2 deep trolls (Orc:2)
  An unseen horror (D:13)
  A swamp dragon (Swamp:1)
  An orc knight (Orc:1)
  A lindwurm (Lair:6)
  Pikel (D:6)
  2 necromancers
  2 deep elf magi
  2 oklob plants (D:11)
  2 ugly things (D:11)
  3 will-o-the-wisps
  6 cyclopes
  2 orc sorcerers (Orc:1)
  4 manticores
  8 black mambas
  A torpor snail (Lair:6)
  4 ice statues (IceCv)
  2 molten gargoyles (Volcano)
  11 cane toads
  A cane toad (shapeshifter) (D:14)
  A gargoyle (D:15)
  3 rime drakes
  2 kobold demonologists
  9 komodo dragons
  4 ice devils (IceCv)
  2 polar bears
  8 tyrant leeches
  5 tengu conjurers
  14 trolls
  A bloated husk (Swamp:2)
  A jumping spider (shapeshifter) (D:14)
  8 hornets (Swamp:2)
  19 blink frogs
  6 slime creatures
  5 dream sheep
  Sigmund (D:5)
  A redback (Lair:1)
  6 wraiths
  2 wyverns (Lair:4)
  4 shadows
  9 fire bats (Volcano)
  60 yaks
  2 basilisks
  6 vampire mosquitoes
  2 steam dragons (Volcano)
  Menkaure (D:4)
  Edmund (D:6)
  3 nagas (Lair:3)
  4 wargs
  2 acid dragons
  10 swamp worms
  19 water moccasins
  2 hell hounds (Orc:1)
  A meliai simulacrum (D:14)
  30 orc warriors
  3 sky beasts
  6 phantoms
  4 black bears
  An eye of draining (shapeshifter) (D:13)
  5 ice beasts
  An eye of draining (D:12)
  A necrophage (D:10)
  26 ogres
  16 wolves
  15 centaurs
  2 lemures (D:6)
  A big kobold (D:10)
  24 bullfrogs
  A gnoll sergeant (D:11)
  2 water moccasin skeletons
  A scorpion (D:8)
  12 killer bees
  4 wights (D:12)
  10 howler monkeys
  A vampire bat (Lair:3)
  An electric eel (Lair:6)
  A draconian simulacrum (IceCv)
  A quasit (D:7)
  5 jellies
  6 lava snakes (Volcano)
  10 hounds
  3 centaur skeletons
  20 orc priests
  3 bullfrog skeletons
  23 orc wizards
  2 iguanas
  11 worker ants
  Ijyb (D:3)
  4 troll simulacra (IceCv)
  A killer bee zombie (D:5)
  A centaur simulacrum (IceCv)
  2 hound skeletons
  3 hound zombies
  2 worker ant zombies
  8 gnolls
  14 adders
  2 naga simulacra (IceCv)
  2 ogre simulacra (IceCv)
  2 shadow imps
  3 white imps
  3 ufetubi
  3 oozes
  An adder skeleton (D:6)
  2 adder zombies
  A worm (D:5)
  4 dart slugs
  5 leopard geckos
  103 orcs
  7 giant cockroaches
  8 goblins
  7 hobgoblins
  7 jackals
  15 kobolds
  7 quokkas
  A ball python skeleton (D:4)
  18 bats
  6 frilled lizards
  7 rats
883 creatures vanquished.

Vanquished Creatures (others)
  An orc (Orc:2)
  28 foxfires
  6 fungi
  28 plants
63 creatures vanquished.

Grand Total: 946 creatures vanquished

Notes
Turn   | Place    | Note
-------+----------+-------------------------------------------
     0 | D:1      | Amaterasu the Gargoyle Fighter began the quest for the Orb.
     0 | D:1      | Reached XP level 1. HP: 14/14 MP: 1/1
    70 | D:1      | Reached XP level 2. HP: 20/20 MP: 2/2
   323 | D:1      | Reached skill level 4 in Fighting
   465 | D:1      | Reached XP level 3. HP: 24/24 MP: 3/3
   749 | D:2      | Reached XP level 4. HP: 30/30 MP: 4/4
  1050 | D:2      | Found a sacrificial altar of Ru.
  1273 | D:2      | Found a basalt altar of Yredelemnul.
  1274 | D:2      | Found a shimmering blue altar of Sif Muna.
  1574 | D:3      | Noticed Ijyb
  1580 | D:3      | Killed Ijyb
  1581 | D:3      | Reached XP level 5. HP: 34/34 MP: 5/5
  1740 | D:4      | Noticed Menkaure
  1750 | D:4      | Killed Menkaure
  1751 | D:4      | Reached skill level 5 in Fighting
  1751 | D:4      | Reached skill level 5 in Maces & Flails
  1751 | D:4      | Reached XP level 6. HP: 40/40 MP: 6/6
  2094 | D:4      | Found an opulent altar of Gozag.
  2120 | D:4      | Found a hide-covered altar of Uskayaw.
  2193 | D:5      | Entered Level 5 of the Dungeon
  2193 | D:5      | Noticed Sigmund
  2198 | D:5      | Killed Sigmund
  2199 | D:5      | Reached XP level 7. HP: 33/45 MP: 7/7
  2231 | D:5      | Reached skill level 6 in Fighting
  2334 | D:5      | Reached XP level 8. HP: 51/52 MP: 8/8
  2791 | D:6      | Reached skill level 7 in Fighting
  2795 | D:6      | Reached skill level 5 in Armour
  2795 | D:6      | Reached skill level 5 in Shields
  2981 | D:6      | Reached skill level 8 in Fighting
  2986 | D:6      | Found a staircase to the Ecumenical Temple.
  3017 | Temple   | Entered the Ecumenical Temple
  3088 | Temple   | Became a worshipper of Warmaster Okawaru
  3348 | D:6      | Reached XP level 9. HP: 60/60 MP: 9/9
  3433 | D:6      | Reached skill level 1 in Invocations
  3433 | D:6      | Noticed Edmund
  3451 | D:6      | Killed Edmund
  3452 | D:6      | Reached skill level 9 in Fighting
  3745 | D:6      | Noticed Pikel
  3757 | D:6      | Killed Pikel
  3757 | D:6      | Reached * piety under Okawaru
  3781 | D:6      | Identified a scroll of acquirement
  3781 | D:6      | Acquired a +2 helmet of see invisible
  3863 | D:7      | Reached skill level 10 in Fighting
  4076 | D:7      | Reached ** piety under Okawaru
  4397 | D:7      | Reached XP level 10. HP: 68/68 MP: 12/12
  4402 | D:7      | Reached skill level 11 in Fighting
  4772 | D:8      | Reached *** piety under Okawaru
  4894 | D:8      | Noticed a two-headed ogre
  4903 | D:8      | Killed a two-headed ogre
  5069 | D:8      | Noticed a two-headed ogre
  5075 | D:8      | Killed a two-headed ogre
  5075 | D:8      | Reached **** piety under Okawaru
  5076 | D:8      | Reached skill level 12 in Fighting
  5263 | D:9      | Received a gift from Okawaru
  5644 | D:9      | Reached XP level 11. HP: 61/77 MP: 14/14
  5687 | D:9      | Found an ornate altar of the Wu Jian Council.
  5747 | D:9      | Reached ***** piety under Okawaru
  5748 | D:9      | Reached skill level 13 in Fighting
  5851 | D:9      | Noticed a two-headed ogre
  5877 | D:9      | Killed a two-headed ogre
  5878 | D:9      | Reached skill level 5 in Invocations
  6418 | D:10     | Entered Level 10 of the Dungeon
  6504 | D:10     | Found a roughly hewn altar of Beogh.
  6504 | D:10     | Found a staircase to the Orcish Mines.
  7449 | D:11     | Noticed a six-headed hydra
  7460 | D:11     | Noticed a purple ugly thing
  7468 | D:11     | Killed a seven-headed hydra
  7468 | D:11     | Received a gift from Okawaru
  7469 | D:11     | Reached skill level 14 in Fighting
  7469 | D:11     | Reached skill level 1 in Evocations
  7500 | D:11     | Killed a purple ugly thing
  7580 | D:11     | Got a pair of slimy gloves {god gift}
  7586 | D:11     | Identified the +1 pair of gloves "Panem" {rN+ Str+3}
                  | (Okawaru gifted it to you on level 11 of the Dungeon)
  7806 | D:11     | Noticed an oklob plant
  7810 | D:11     | Found Xifoubbo's Antique Armour Shop.
  7823 | D:11     | Noticed a purple ugly thing
  7834 | D:11     | Killed a purple ugly thing
  7958 | D:11     | Noticed an oklob plant
  8115 | D:11     | Found a portal to a secret trove of treasure.
  8204 | D:11     | Found a staircase to the Lair.
  8215 | D:11     | Killed an oklob plant
  8250 | D:11     | Killed an oklob plant
  8342 | Lair:1   | Entered Level 1 of the Lair of Beasts
  8383 | Lair:1   | Reached XP level 12. HP: 69/85 MP: 17/17
  8385 | Lair:1   | Found a gate leading to a gauntlet.
  8394 | Gauntlet | Entered a Gauntlet
  8394 | Gauntlet | Found a large runed translucent door.
  8394 | Gauntlet | Found a large runed translucent door.
  8394 | Gauntlet | Found a large runed translucent door.
  8394 | Gauntlet | Found a large runed translucent door.
  8394 | Gauntlet | Found a runed translucent door.
  8394 | Gauntlet | Found a large runed translucent door.
  8394 | Gauntlet | Found a large runed translucent door.
  8394 | Gauntlet | Found a transporter.
  8394 | Gauntlet | Found a transporter.
  8394 | Gauntlet | Found a large runed translucent door.
  8394 | Gauntlet | Found a large runed translucent door.
  8394 | Gauntlet | Found a runed translucent gate.
  8394 | Gauntlet | Found a runed translucent gate.
  8394 | Gauntlet | Found a transporter.
  8411 | Gauntlet | Found a transporter.
  8413 | Gauntlet | Found a transporter.
  8413 | Gauntlet | Noticed a death scarab
  8425 | Gauntlet | Found a transporter.
  8426 | Gauntlet | Found a transporter.
  8435 | Gauntlet | Found a transporter.
  8435 | Gauntlet | Noticed a death ooze
  8440 | Gauntlet | Found a transporter.
  8459 | Gauntlet | Found a transporter.
  8463 | Gauntlet | Found a transporter.
  8473 | Gauntlet | Found a transporter.
  8479 | Gauntlet | Found a runed translucent gate.
  8480 | Gauntlet | Found a large runed translucent door.
  8480 | Gauntlet | Found a large runed translucent door.
  8481 | Gauntlet | Found a large runed translucent door.
  8482 | Gauntlet | Found a large runed translucent door.
  8483 | Gauntlet | Found a large runed translucent door.
  8483 | Gauntlet | Found a large runed translucent door.
  8483 | Gauntlet | Found a runed translucent door.
  8484 | Gauntlet | Found a large runed translucent door.
  8485 | Gauntlet | Found a large runed translucent door.
  8641 | Gauntlet | Got a crude helmet
  8652 | Gauntlet | Identified the +3 helmet of Vehumet's Benevolence {rC+ rN+}
                  | (You found it in a Gauntlet)
  8670 | Gauntlet | Killed a death scarab
  8671 | Gauntlet | Reached skill level 10 in Maces & Flails
  8708 | Gauntlet | Killed a death ooze
  8715 | Gauntlet | Reached skill level 5 in Evocations
  8758 | Gauntlet | Got a crude cloak
  8764 | Gauntlet | Identified the cursed -6 cloak of the Fiend {Regen+ Stlth+}
                  | (You found it in a Gauntlet)
  8872 | Gauntlet | Noticed a minotaur
  8885 | Gauntlet | Killed a minotaur
  8965 | Lair:1   | Received a gift from Okawaru
  8968 | Lair:1   | Got a bloodstained eveningstar {god gift}
  8969 | Lair:1   | Identified the +4 eveningstar "Ineulud" {freeze, +Fly rF+}
                  | (Okawaru gifted it to you on level 1 of the Lair of Beasts)
  9330 | Lair:1   | Reached ****** piety under Okawaru
  9459 | Lair:1   | Found a runed translucent door.
  9477 | Lair:1   | Noticed a boulder beetle
  9487 | Lair:1   | Killed a boulder beetle
  9492 | Lair:1   | Got a faintly glowing whip
  9495 | Lair:1   | Got a jewelled hat
  9496 | Lair:1   | Identified the +9 whip of Wrath {protect, rElec Str+2 Int+6
                  | Dex-3} (You found it on level 1 of the Lair of Beasts)
  9509 | Lair:1   | Identified the +0 hat of Tempters {Rampage *Slow rF+++
                  | Regen+} (You found it on level 1 of the Lair of Beasts)
  9575 | Lair:2   | Found a frozen archway.
  9584 | IceCv    | Entered an ice cave
  9727 | IceCv    | Received a gift from Okawaru
  9926 | IceCv    | Received a gift from Okawaru
  9933 | IceCv    | Got a jet-encrusted plate armour
  9959 | IceCv    | Identified the +6 plate armour "Xekorameor" {rC++ Will++
                  | SInv} (You found it in an ice cave)
 10017 | IceCv    | Reached XP level 13. HP: 84/90 MP: 19/19
 10226 | Lair:2   | Found a staircase to the Swamp.
 10961 | Lair:3   | Noticed Fannar
 11025 | Lair:3   | Killed Fannar
 11092 | Lair:3   | Received a gift from Okawaru
 11231 | Lair:3   | Got a wavering jade ring
 11312 | Lair:3   | Found a staircase to the Snake Pit.
 11374 | Lair:3   | Gained mutation: Your large and strong wings let you fly
                  | indefinitely. [Gargoyle growth]
 11374 | Lair:3   | Reached XP level 14. HP: 68/96 MP: 14/20
 11385 | Lair:3   | Reached skill level 15 in Maces & Flails
 11669 | Lair:3   | Identified the cursed ring of Greed {AC-4 Dex+4} (You found
                  | it on level 3 of the Lair of Beasts)
 12072 | Lair:4   | Received a gift from Okawaru
 12904 | Lair:5   | Found a staircase to the Slime Pits.
 12904 | Lair:5   | Found a viscous altar of Jiyva.
 13350 | Lair:6   | Entered Level 6 of the Lair of Beasts
 13401 | Lair:6   | Received a gift from Okawaru
 13682 | Lair:6   | Reached XP level 15. HP: 99/101 MP: 21/21
 13719 | Lair:6   | Got a wavering emerald amulet
 13720 | Lair:6   | Identified the amulet "Momukov" {rElec Will- Regen+ Dex+7}
                  | (You found it on level 6 of the Lair of Beasts)
 14067 | Lair:6   | Found a shimmering blue altar of Sif Muna.
 14190 | Lair:6   | Found a snail-covered altar of Cheibriados.
 14208 | Lair:6   | Received a gift from Okawaru
 14211 | Lair:6   | Got an agate-encrusted plate armour {god gift}
 14222 | Lair:6   | Identified the +0 plate armour of the Komodo Dragon {rN++}
                  | (Okawaru gifted it to you on level 6 of the Lair of Beasts)
 14696 | D:11     | Reached skill level 15 in Fighting
 15876 | D:13     | Found a gate to the Vaults.
 16283 | D:13     | Reached skill level 16 in Fighting
 16408 | D:14     | Found a shimmering altar of Xom.
 16551 | D:14     | Received a gift from Okawaru
 17065 | D:14     | Found a white marble altar of Elyvilon.
 17302 | D:15     | Entered Level 15 of the Dungeon
 17463 | D:15     | Noticed a sphinx
 17466 | D:15     | Noticed a fire giant
 17471 | D:15     | Killed a sphinx
 17471 | D:15     | Received a gift from Okawaru
 17472 | D:15     | Reached skill level 17 in Fighting
 17472 | D:15     | Reached XP level 16. HP: 112/112 MP: 19/22
 17490 | D:15     | Identified the +1 fire dragon scales of Pion {rF++ rC-
                  | rCorr Int+4} (Okawaru gifted it to you on level 15 of the
                  | Dungeon)
 17722 | D:15     | Reached skill level 10 in Armour
 17779 | D:15     | Found a roughly hewn altar of Beogh.
 18382 | Orc:1    | Entered Level 1 of the Orcish Mines
 18500 | Orc:1    | Noticed Josephine
 18521 | Orc:1    | Killed Josephine
 18563 | Orc:1    | Found a dark tunnel.
 18572 | Volcano  | Entered a volcano
 18806 | Volcano  | Found a burning altar of Makhleb.
 18866 | Volcano  | Reached skill level 18 in Fighting
 19460 | Orc:2    | Entered Level 2 of the Orcish Mines
 19653 | Orc:2    | Received a gift from Okawaru
 19699 | Orc:2    | Reached skill level 19 in Fighting
 19764 | Orc:2    | Found a staircase to the Elven Halls.
 19827 | Orc:2    | Found Rarchada's Antique Armour Emporium.
 19828 | Orc:2    | Found Ceyferat's Antique Armour Shoppe.
 19840 | Orc:2    | Found Doylysya's Assorted Antiques.
 19845 | Orc:2    | Found Izoxutas's Weapon Emporium.
 20228 | Swamp:1  | Entered Level 1 of the Swamp
 20229 | Swamp:1  | Noticed Nikola
 20256 | Swamp:1  | Killed Nikola
 20315 | Swamp:1  | Reached skill level 20 in Fighting
 20315 | Swamp:1  | Reached XP level 17. HP: 124/124 MP: 23/23
 20371 | Swamp:1  | Received a gift from Okawaru
 20949 | Swamp:2  | Reached XP level 18. HP: 115/129 MP: 24/24
 21658 | Swamp:2  | HP: 3/129 [will-o-the-wisp (10)]
 21658 | Swamp:2  | Slain by a swamp worm

Illustrated notes

Levels and vault maps discovered:
D:1:      mushboom_english_gardens, layout_rooms, minmay_misc_feat_diagonals,
          minmay_tetromino_t2
D:2:      layout_basic, gammafunk_temple_overflow_pools, nicolae_ru_awakened_eye
D:3:      layout_rooms, hex_medium, amethyst_killhole, minmay_misc_feat_iff,
          mrwooster_statue_mirror, uniq_ijyb
D:4:      layout_rooms, nicolae_overflow_hidden_temple,
          kennysheep_generic_room_5, uniq_menkaure
D:5:      layout_rooms, uniq_sigmund
D:6:      layout_loops_ring, minmay_temple_entry_drinking_statues,
          nrook_loot_triangle, uniq_pikel, uniq_edmund
D:7:      layout_gridville, hangedman_minor_gate_pass
D:8:      cheibrodos_iron_armory, layout_rooms
D:9:      layout_roguey, pdpol_wu_jian_five_deadly_venoms,
          serial_co_window_serial, co_window_corner_a, co_window_corner_a,
          co_window_paths_a, co_window_paths_b, co_window_corner_a,
          co_window_corner_a, co_window_paths_a, co_window_unsneaky_path_e,
          co_window_broadway_a, co_window_unsneaky_path_a, co_window_4corner_b,
          glass_columns_a, glass_columns_a
D:10:     layout_loops_corners, david_orc_5, lemuel_flame_loot_1
D:11:     layout_roguey, dpeg_oklobed_lair, nicolae_trove_entry_diagonal,
          serial_shops, nicolae_shop_crystal, small_chamber_with_monster,
          centaur_isle
D:12:     layout_loops_corners
D:13:     dragon1_lemuel, layout_loops_ring, erik_vaults_2
D:14:     layout_gridville, basic_altar, basic_altar
D:15:     gammafunk_enter_depths_forms, layout_rooms, special_room
          [special_room_orc], minmay_radiant
Temple:   regret_index_temple_waves
Lair:1:   gammafunk_indiana_jones, layout_small_grid, gauntlet_entry_generic,
          eino_small_chamber_without_monster, lemuel_old_faithful
Lair:2:   statuecave_lemuel, layout_chaotic_city, minmay_swamp_entry_worms,
          portal_ice_cave_entry_pillars_2
Lair:3:   beast_lair_carwin_large_2, layout_cave_shapes,
          minmay_snake_entry_guardpost_small, roderic_batcave,
          chequers_serial_rivers_room_a, pond, uniq_fannar
Lair:4:   layout_loops_ring, grunt_megastairs_5
Lair:5:   layout_regular_city, slime_altar_1
Lair:6:   evilmike_catoblepas_cave, layout_long_grid, basic_altar, st_stairs_13,
          nicolae_quartered_pool_little, kennysheep_snail_temple
Swamp:1:  layout_falls_marsh, evilmike_swamp_ruin_house_3, uniq_nikola
Swamp:2:  layout_basic_swamp, evilmike_swamp_ruin_house_1, swamp_pool1
Swamp:3:  layout_falls_marsh, evilmike_swamp_ruin_rubble_1
Orc:1:    layout_diamond_mine, enter_volcano_3, mines2_lemuel, uniq_josephine
Orc:2:    st_orc_open, layout_caves

Skill      XL: |  1  2  3  4  5  6  7  8  9 10 11 12 13 14 15 16 17 18 |
---------------+-------------------------------------------------------+-----
Fighting       | 4 5 6 8 10 12 14 17 20 | 20.0
Maces & Flails | 3 4 5 6 7 8 9 11 14 16 | 16.3
Shields        | 4 5 6 8 9 |  9.2
Armour         | 4 5 7 8 9 10 | 10.8
Invocations    | 3 4 6 8 9 |  9.0
Evocations     | 3 6 9 |  9.0

Action                   |  1- 3 |  4- 6 |  7- 9 | 10-12 | 13-15 | 16-18 || total
-------------------------+-------+-------+-------+-------+-------+-------++-------
Melee: Flail             |   104 |   145 |       |    21 |       |       ||   270
       Broad axe         |       |    23 |   277 |   525 |       |       ||   825
       Morningstar       |       |       |       |    11 |       |       ||    11
       Eveningstar       |       |       |       |   130 |  1050 |   659 ||  1839
Invok: Heroism           |       |       |     1 |     2 |     7 |     2 ||    12
       Finesse           |       |       |       |       |     2 |     2 ||     4
 Abil: Fly               |       |       |       |       |     1 |       ||     1
  Use: Scroll            |     5 |     7 |     4 |    16 |     9 |     7 ||    48
       Potion            |       |       |     3 |     5 |       |     2 ||    10
Armor: Scale mail        |    65 |    90 |   145 |       |       |       ||   300
       Chain mail        |       |       |    84 |       |       |       ||    84
       Plate armour      |       |       |    78 |   676 |   692 |   487 ||  1933
       Skin              |       |       |       |    20 |       |       ||    20
Dodge: Dodged            |    31 |    65 |   130 |   166 |   205 |   208 ||   805
       Repelled          |       |       |       |       |       |     5 ||     5
Block: Kite shield       |    56 |    85 |   210 |   480 |   586 |   459 ||  1876
